 Dungeon Crawl Stone Soup version 0.31-a0-940-gdaa99269f9 (webtiles) character file.

Game seed: 12752595298056254462

723666 avis the Shapeless Cat (level 27, -5/122 HPs)
             Began as a Felid Fighter on Oct 16, 2023.
             Was the Champion of Jiyva.
             Slain by Goynudyv the pandemonium lord (37 damage)
             ... on level 4 of the Realm of Zot on Oct 20, 2023.
             The game lasted 11:42:45 (84744 turns).

avis the Shapeless Cat (Felid Fighter)             Turns: 84744, Time: 11:42:46

Health: -5/122     AC: 15    Str: 16    XL:     27
Magic:  46/46      EV: 71    Int: 15    God:    Jiyva [******]
Gold:   1649       SH:  0    Dex: 26    Spells: 22/62 levels left
                                        Lives:  0   Deaths: 9

rFire   + +          +
                       - Unarmed
rCold   + . .        (shield unavailable)
rNeg    . . .        (body armour unavailable)
rPois   ∞            (helmet unavailable)
rElec   +            (cloak unavailable)
rCorr   +            (gloves unavailable)
SInv    +            (boots unavailable)
Will    +++++        c - amulet of Amiejuin {RegenMP rElec SInv}
Stlth   +            T - ring of Day {rF+ Int+8 Dex-2}
HPRegen 1.60/turn    V - ring "Yptuik" {rF++ rC+ Str+4}
MPRegen 1.20/turn

%: clarity
@: storm-form, flying, inhibited regen, studying 2 skills
A: cleaving, insubstantial, flying, very small, (claws 1), (fangs 3), see
invisible, (speed 1), (shaggy fur 3), (stealthy paws), no weapons or thrown
items, no armour, multi-lived, (iridescent scales 1), clarity, clumsy 1, dopey
1, frail 1, strong-willed 3, inhibited regeneration, (translucent skin 1),
(tendrils)
0: Orb of Zot
}: 5/15 runes: barnacled, slimy, silver, abyssal, gossamer
a: Blinkbolt, Begin Untransformation, Renounce Religion, Oozemancy, Slimify


You were on level 4 of the Realm of Zot.
You worshipped Jiyva.
Jiyva was exalted by your worship.
You were a lightning-filled tempest!
You visited 13 branches of the dungeon, and saw 57 of its levels.
You visited the Abyss 1 time.
You visited 1 bazaar.
You also visited: Trove, Ossuary, Bailey, Ice Cave, Volcano and Wizlab.

You collected 23265 gold pieces.
You spent 14187 gold pieces at shops.
You paid 7429 gold pieces to Gozag.

Inventory:

Jewellery
 c - the amulet of Amiejuin (around neck) {RegenMP rElec SInv}
   (You found it in a treasure trove)

   [amulet of magic regeneration]

   RegenMP:   It increases your rate of magic regeneration.
   rElec:     It insulates you from electricity.
   SInv:      It lets you see invisible.
 f - the ring of Summertime {rC+ rCorr Int+7}
   (You bought it in a shop on level 5 of the Lair of Beasts)

   [ring of resist corrosion]

   Int+7:     It affects your intelligence (+7).
   rC+:       It protects you from cold.
   rCorr:     It protects you from acid and corrosion.
 p - the ring "Fidgh" {Wiz Will+ Str+3 Int+3}
   (You took it off a deep elf sorcerer on level 3 of the Elven Halls)

   [ring of wizardry]

   Wiz:       It improves your spell success rate.
   Str+3:     It affects your strength (+3).
   Int+3:     It affects your intelligence (+3).
   Will+:     It increases your willpower.
 s - the ring of Comuiwk {MP+9 Int+5}
   (You found it on level 4 of the Realm of Zot)

   [ring of magical power]

   Int+5:     It affects your intelligence (+5).
   MP+9:      It affects your magic capacity (+9).
 A - the amulet of Muuro {Reflect +Blink rElec rN+ Int-3 SH+5}
   (You found it in a treasure trove)

   [amulet of reflection]

   Reflect:   It reflects blocked missile attacks.
   Int-3:     It affects your intelligence (-3).
   rElec:     It insulates you from electricity.
   rN+:       It protects you from negative energy.
   +Blink:    It lets you blink.
   SH+5:      It affects your SH (+5).
 E - a ring of protection from fire
 K - a +6 ring of dexterity
 O - a +6 ring of intelligence
 R - a ring of positive energy
 T - the ring of Day (left paw) {rF+ Int+8 Dex-2}
   (You found it on level 1 of the Realm of Zot)

   [ring of protection from fire]

   Int+8:     It affects your intelligence (+8).
   Dex-2:     It affects your dexterity (-2).
   rF+:       It protects you from fire.
 V - the ring "Yptuik" (right paw) {rF++ rC+ Str+4}
   (You took it off a frost giant on level 5 of the Vaults)

   [ring of protection from cold]

   Str+4:     It affects your strength (+4).
   rF++:      It greatly protects you from fire.
   rC+:       It protects you from cold.
 Y - the ring "Fiar" {rPois Will+ Stlth+}
   (You found it on level 3 of the Crypt)

   [ring of willpower]

   rPois:     It protects you from poison Will+: It increases your willpower.
   Stlth+:    It makes you more stealthy.
 Z - an amulet of regeneration
Talismans
 D - a dragon-blood talisman
 S - a storm talisman (active)
Wands
 h - a wand of light (36)
 i - a wand of mindburst (21)
 j - a wand of digging (12)
 m - a wand of paralysis (57)
 y - a wand of flame (83)
 G - a wand of polymorph (12)
 H - a wand of iceblast (30)
Scrolls
 d - 8 scrolls of fear
 e - 13 scrolls of amnesia
 l - 10 scrolls of fog
 n - 9 scrolls of poison
 o - 5 scrolls of summoning
 t - 5 scrolls of revelation
 x - 14 scrolls of blinking
 I - 4 scrolls of torment
 L - 2 scrolls of vulnerability
 P - 17 scrolls of teleportation
 X - a scroll of silence
Potions
 a - 18 potions of brilliance
 b - 12 potions of ambrosia
 k - 8 potions of attraction
 q - 5 potions of resistance
 r - 16 potions of curing
 v - 2 potions of berserk rage
 w - 9 potions of might
 z - 7 potions of magic
 C - 7 potions of haste
 J - 4 potions of cancellation
 M - 6 potions of invisibility
 Q - 12 potions of mutation
 U - a potion of enlightenment
 W - 3 potions of heal wounds
Miscellaneous
 g - a lightning rod (4/4)
 u - a phial of floods
 B - a phantom mirror
 F - a sack of spiders
 N - a condenser vane


   Skills:
 - Level 21.0 Fighting
 - Level 22.0 Dodging
 - Level 3.0 Stealth
 - Level 21.0 Unarmed Combat
 - Level 18.2 Spellcasting
 * Level 16.2 Necromancy
 O Level 27 Translocations
 - Level 2.0 Transmutations
 - Level 5.0 Ice Magic
 - Level 5.0 Air Magic
 - Level 7.0 Earth Magic
 - Level 5.0 Evocations
 O Level 27 Shapeshifting


You had 22 spell levels left.
You knew the following spells:

 Your Spells              Type           Power      Damage    Failure   Level
a - Apportation           Tloc           100%       N/A       0%          1
e - Wereblood             Tmut           19%        N/A       2%          2
m - Manifold Assault      Tloc           76%        N/A       0%          4
o - Ozocubu's Armour      Ice            28%        N/A       1%          3
p - Passage of Golubria   Tloc           76%        N/A       0%          4
v - Vhi's Electric Charg  Tloc/Air       100%       N/A       1%          4
B - Borgnjor's Revivific  Necr           29%        N/A       34%         8
D - Death's Door          Necr           29%        N/A       99%         9
L - Lee's Rapid Deconstr  Erth           17%        3d10*     7%          5

Your spell library contained the following spells:

 Spells                   Type           Power      Damage    Failure   Level
 Lesser Beckoning         Tloc           100%       N/A       0%          2
 Gell's Gravitas          Tloc           76%        N/A       0%          3
 Teleport Other           Tloc           76%        N/A       0%          3
 Dispersal                Tloc           38%        N/A       0%          6
 Freeze                   Ice            100%       1d10      1%          1
 Kiss of Death            Conj/Necr      100%       2d13      1%          1
 Sandblast                Erth           68%        2d15      1%          1
 Shock                    Conj/Air       84%        1d8       1%          1
 Cigotuvi's Dreadful Rot  Necr/Pois/Air  68%        N/A       1%          2
 Passwall                 Tmut/Erth      22%        N/A       1%          2
 Frozen Ramparts          Ice            56%        1d9       1%          3
 Swiftness                Air            28%        N/A       1%          3
 Volatile Blastmotes      Fire/Tloc      100%       2d18      1%          3
 Anguish                  Hex/Necr       18%        N/A       1%          4
 Animate Dead             Necr           58%        N/A       1%          4
 Dispel Undead            Necr           58%        3d21      1%          4
 Iskenderun's Mystic Bla  Conj/Tloc      52%        2d11      1%          4
 Borgnjor's Vile Clutch   Necr/Erth      24%        N/A       1%          5
 Summon Forest            Summ/Tloc      26%        N/A       1%          5
 Death Channel            Necr           29%        N/A       1%          6
 Disjunction              Tloc           38%        N/A       1%          8
 Sting                    Tmut/Pois      64%        1d6       2%          1
 Poisonous Vapours        Pois/Air       42%        N/A       2%          2
 Static Discharge         Conj/Air       42%        3-5/arc   2%          2
 Stone Arrow              Conj/Erth      48%        3d10      3%          3
 Foxfire                  Conj/Fire      52%        2x1d6     4%          1
 Magic Dart               Conj           52%        1d5       4%          1
 Summon Small Mammal      Summ           52%        N/A       4%          1
 Hailstorm                Conj/Ice       21%        3d6       4%          3
 Airstrike                Air            14%        2d(2-18)  5%          4
 Jinxbite                 Hex            26%        N/A       6%          2
 Searing Ray              Conj           26%        2d5       6%          2
 Mephitic Cloud           Conj/Pois/Air  18%        N/A       6%          3
 Petrify                  Tmut/Erth      27%        N/A       7%          4
 Simulacrum               Ice/Necr       22%        N/A       9%          6
 Ignite Poison            Fire/Tmut/Pois 15%        N/A       10%         3
 Brom's Barrelling Bould  Conj/Erth      24%        2d5       10%         4
 Leda's Liquefaction      Hex/Erth       12%        N/A       10%         4
 Call Canine Familiar     Summ           13%        N/A       13%         3
 Dazzling Flash           Conj/Hex       26%        N/A       13%         3
 Inner Flame              Hex/Fire       13%        N/A       13%         3
 Summon Guardian Golem    Hex/Summ       13%        N/A       13%         3
 Tukima's Dance           Hex            13%        N/A       13%         3
 Summon Ice Beast         Ice/Summ       21%        N/A       16%         4
 Summon Lightning Spire   Summ/Air       21%        N/A       16%         4
 Freezing Cloud           Conj/Ice/Air   11%        6-21      30%         5
 Infestation              Necr           29%        N/A       34%         8
 Cause Fear               Hex            6%         N/A       38%         4
 Flame Wave               Conj/Fire      13%        2d6       38%         4
 Fulminant Prism          Conj/Hex       6%         3d6       38%         4
 Olgreb's Toxic Radiance  Pois           13%        N/A       38%         4
 Sticky Flame             Conj/Fire      13%        2d4       38%         4
 Arcjolt                  Conj/Air       10%        1d20      38%         5
 Metabolic Englaciation   Hex/Ice        10%        N/A       38%         5
 Silence                  Hex/Air        10%        N/A       38%         5
 Alistair's Intoxication  Tmut/Pois      10%        N/A       61%         5
 Irradiate                Conj/Tmut      8%         3d14      61%         5
 Yara's Violent Unravell  Hex/Tmut       8%         3d5       61%         5
 Fireball                 Conj/Fire      6%         3d5       75%         5
 Iskenderun's Battlesphe  Conj           13%        2d7       75%         5
 Summon Mana Viper        Hex/Summ       13%        N/A       75%         5
 Haunt                    Necr/Summ      18%        N/A       78%         7
 Bombard                  Conj/Erth      12%        9d3       83%         6
 Conjure Ball Lightning   Conj/Air       10%        3x3d6     93%         6
 Plasma Beam              Fire/Air       10%        2x1d21    93%         6
 Eringya's Noxious Bog    Tmut/Pois      8%         4d6       99%         6
 Ozocubu's Refrigeration  Ice            14%        4d10      99%         7
 Starburst                Conj/Fire      6%         6d4       100%        6
 Enfeeble                 Hex            6%         N/A       100%        7
 Monstrous Menagerie      Summ           6%         N/A       100%        7
 Orb of Destruction       Conj           6%         9d6       100%        7
 Spellforged Servitor     Conj/Summ      6%         N/A       100%        7
 Summon Hydra             Summ           6%         N/A       100%        7
 Discord                  Hex            6%         N/A       100%        8
 Ignition                 Fire           6%         3d4       100%        8
 Lehudib's Crystal Spear  Conj/Erth      12%        10d4      100%        8
 Maxwell's Capacitive Co  Air            14%        ∞         100%        8
 Chain Lightning          Conj/Air       10%        3d14      100%        9
 Dragon's Call            Summ           6%         N/A       100%        9
 Fire Storm               Conj/Fire      6%         8d2       100%        9
 Sublimation of Blood     Necr           Unusable   N/A       N/A         2
 Dimensional Bullseye     Hex/Tloc       Unusable   N/A       N/A         4
 Animate Armour           Summ/Erth      Unusable   N/A       N/A         4

Dungeon Overview and Level Annotations

Branches:
Dungeon (15/15)            Temple (1/1) D:7            Lair (5/5) D:10
 Shoals (4/4) Lair:2       Spider (4/4) Lair:3        Slime (5/5) Lair:4
    Orc (2/2) D:10            Elf (3/3) Orc:2        Vaults (5/5) D:14
  Crypt (3/3) Vaults:2       Tomb (0/3) Crypt:3      Depths (4/4) D:15
   Hell (visited)             Coc (0/7) Hell            Zot (5/5) Depths:4
Ossuary (visited)          Bailey (visited)           IceCv (visited)
Volcano (visited)          WizLab (visited)
    Dis: Hell:1         Geh: Hell:1         Tar: Hell:1

Altars:
Ashenzari
Cheibriados
Dithmenos
Elyvilon
Fedhas
Gozag
Hepliaklqana
Kikubaaqudgha
Makhleb
Nemelex Xobeh
Okawaru
Qazlal
Ru
Sif Muna
Trog
Uskayaw
Vehumet
Wu Jian
Xom
Yredelemnul
Zin
The Shining One
Jiyva

Shops:
D:8 *   Orc:2 ![:(   Elf:2 [   Lair:1 ::!:   Lair:5 =   Shoals:2 *   Shoals:3 [
Shoals:4 ?[?[   Vaults:4 [   Vaults:5 [*

Portals:
Hell: Depths:1 Depths:2 Depths:3 Depths:4
Abyss: Depths:3
Pandemonium: Depths:2
Ziggurat: Depths:1

Annotations:
Slime:5 Royal Jelly
Hell Geryon


Innate Abilities, Weirdness & Mutations

You are a lightning-filled tempest!
Your electrical attacks strike out in all directions at once.
You are incredibly evasive.
Your insubstantial body is immune to petrification, constriction, and being set on fire You are flying.
You are immune to poison.
((You have sharp claws.))
((You have razor-sharp teeth.))
You have supernaturally acute eyesight. (SInv)
((You cover ground quickly. (Speed+)))
((Your thick and shaggy fur keeps you warm. (AC +3, rC+)))
((Your paws help you pounce on unaware monsters.))
You are incapable of wielding weapons or throwing items.
You cannot wear armour.
You gain extra lives every three experience levels.
((You are partially covered in iridescent scales. (AC +2)))
You possess an exceptional clarity of mind.
You are clumsy. (Dex -2)
You are dopey. (Int -2)
You are frail. (-10% HP)
You are extremely strong-willed. (Will+++)
You do not regenerate when monsters are visible.
((Your translucent skin slightly reduces your foes' accuracy. (Stealth+)))
((You are covered in slimy tendrils that may disarm your opponents.))


Message History

Goynudyv headbutts you but does no damage.
You completely miss Goynudyv. Your punch misses Goynudyv.
Goynudyv is moderately wounded.
Goynudyv completely misses you.
You barely miss Goynudyv. Your punch misses Goynudyv.
Goynudyv is moderately wounded.
Goynudyv headbutts you!!
You shudder from the blow and a jelly pops out!
You completely miss Goynudyv.
Goynudyv is moderately wounded.
Goynudyv headbutts you!!
You writhe in agony.
You batter Goynudyv!! Your punch misses Goynudyv.
Goynudyv is moderately wounded.
Goynudyv completely misses you.
You miss Goynudyv.
Goynudyv is moderately wounded.
Goynudyv completely misses you.
Your rockslime hits Goynudyv!!
Goynudyv holds its ground!
You completely miss Goynudyv.
Goynudyv is heavily wounded.
Goynudyv completely misses you.
Your rockslime hits Goynudyv.
Goynudyv holds its ground!
You completely miss Goynudyv.
Goynudyv is heavily wounded.
Goynudyv headbutts you!!
* * * LOW HITPOINT WARNING * * *
You shudder from the blow and a jelly pops out!
You writhe in agony.
* * * LOW HITPOINT WARNING * * *
You buffet Goynudyv!
Your punch misses Goynudyv.
Goynudyv is heavily wounded.
Goynudyv completely misses you.
Your rockslime barely misses Goynudyv.
You hit Goynudyv.
Goynudyv is heavily wounded.
Goynudyv closely misses you.
Your rockslime completely misses Goynudyv. x2
You blast Goynudyv!!!!
Goynudyv is severely wounded.
Goynudyv headbutts you!!!
You die...

.............[...##.## #.....#
#######.......)..##..######.....#
##....)>...###.....##.......
##..........##............... ##
##....##.....##.##.......).)..
.###....###.....##.####.......)..
.......## #.....J#.# ##.........
......## #.....&..# #.........)
##.#### ##...Jv.## #..........
### #......# ##..........
#......####..##......#
#............####...##
##.....|......######## #####
#...............#### #...##
##....#....##...)...####
.....#####.....#...###...........
......#....##..#..## #...........


You could see Goynudyv (ally target) and 2 friendly rockslimes.

Vanquished Creatures
  5 dread liches
  4 orbs of fire
  8 ancient liches
  Mennas (Vaults:3)
  Mara (Shoals:4)
  A shard shrike (IceCv)
  3 Killer Klowns (Zot:5)
  Saint Roka (Crypt:3)
  Bai Suzhen (Shoals:4)
  6 caustic shrikes
  A curse toe (Zot:4)
  The ghost of Vailuoroe the Devastator, a veteran GrEE of Lugonu (Crypt:1)
  12 golden dragons
  A profane servitor (Abyss:1)
  the Enchantress (D:15)
  The ghost of Eugor the Sorcerer, a veteran DECj of Vehumet (Crypt:1)
  Nikola (Elf:2)
  3 bone dragons
  A Tzitzimitl (Hell)
  A hellephant (Hell)
  The ghost of Weuw the Warrior, an adept GrFi of Cheibriados (Crypt:1)
  4 doom hounds
  Zenata (Crypt:3)
  5 electric golems
  Jorgrun (Orc:1)
  Mlioglotl (Shoals:1)
  Rupert (Orc:2)
  2 walking earthen tomes
  25 Orb Guardians (Zot:5)
  18 tentacled monstrosities
  7 liches
  A walking frostbound tome (Depths:2)
  4 titans
  11 quicksilver dragons
  A deep elf master archer (Elf:3)
  Asterion (Vaults:3)
  2 deep elf blademasters
  An ancient champion (Crypt:1)
  9 shadow dragons
  10 sphinxes
  14 death cobs
  A kraken (Shoals:3)
  Frances (D:14)
  10 tentacled starspawn
  Aizul (Crypt:1)
  2 draconian monks
  11 storm dragons
  A revenant (Crypt:1)
  4 tengu reavers
  Ilsuiw (Shoals:4)
  6 draconian knights
  7 deep elf sorcerers (Elf:3)
  9 draconian scorchers
  3 balrugs
  6 fire giants
  10 frost giants
  2 iron dragons
  20 vault wardens
  A curse skull (Crypt:2)
  Louise (Spider:2)
  10 draconian stormcallers
  3 deep elf elementalists
  13 ghost moths
  9 ghouls
  3 emperor scorpions
  19 ironbound preservers
  9 draconian shifters
  A cacodemon (Depths:3)
  A caustic shrike skeleton (Crypt:3)
  An orc warlord (Elf:2)
  6 draconian annihilators
  4 reapers
  4 war gargoyles
  7 ironbound thunderhulks
  24 very ugly things
  3 formless jellyfish
  14 black draconians
  4 spriggan defenders
  A broodmother (Spider:3)
  14 stone giants
  14 deep elf annihilators
  10 vampire knights
  11 white draconians
  14 green draconians
  4 deep elf demonologists
  8 dire elephants
  An elemental wellspring (Hell)
  9 red draconians
  14 yellow draconians
  24 purple draconians
  12 spark wasps
  6 crystal guardians
  9 statues (WizLab)
  11 merfolk javelineers
  10 ettins
  A green death (Abyss:2)
  3 eidola
  6 deep elf death magi
  An iron golem (Depths:3)
  2 merfolk impalers (Shoals:4)
  4 blizzard demons
  7 jiangshi
  12 yaktaur captains
  6 fire dragons
  7 deep elf high priests
  Fannar (D:11)
  3 entropy weavers
  3 hydras
  12 ice dragons
  A great orb of eyes (Vaults:1)
  5 rakshasas
  5 spriggan air magi
  33 vault guards
  5 merfolk avatars
  5 ogre magi
  3 peacekeepers (Vaults:4)
  2 spriggan skeletons
  3 jorogumos
  Erica (Orc:1)
  An alligator snapping turtle (Shoals:4)
  2 spriggan zombies (Crypt:3)
  2 death knights
  20 ironbound frosthearts
  2 radroaches
  A fenstrider witch skeleton (Abyss:1)
  7 centaur warriors
  5 tengu warriors
  5 boulder beetles
  6 merfolk aquamancers
  10 deep troll earth magi
  42 dancing weapons
  A bennu skeleton (Crypt:1)
  A satyr (Shoals:3)
  8 thrashing horrors
  6 two-headed ogres
  2 titan zombies (Crypt:2)
  7 deep troll shamans
  3 vampire magi
  11 hell hogs
  9 spriggan berserkers
  6 orc high priests
  Urug (D:12)
  8 demonic crawlers
  6 soul eaters
  18 deep elf knights
  7 sun demons
  A storm dragon zombie (Crypt:1)
  28 hell knights
  7 pharaoh ants
  5 flayed ghosts
  A sixfirhy (Depths:3)
  5 skysharks
  11 wretched stars
  11 iron trolls
  4 shadow wraiths
  A fire crab (Volcano)
  2 quicksilver dragon simulacra (Depths:4)
  27 skeletal warriors
  A glowing orange brain (Depths:1)
  3 arcanists
  3 sun moths
  14 sea snakes
  61 deep trolls
  An orange crystal statue (IceCv)
  7 phantasmal warriors
  17 lindwurms
  2 bunyip skeletons (Crypt:3)
  7 orb spiders
  A death drake (Abyss:1)
  A sea snake (shapeshifter) (Depths:2)
  15 deep elf archers
  An obsidian statue (Zot:5)
  Pikel (D:7)
  5 bog bodies
  23 ironbound convokers
  5 occultists
  4 spectral wolf spiders (Spider:1)
  27 deep elf pyromancers
  29 deep elf zephyrmancers
  19 starcursed masses (Abyss:1)
  10 steelbarb worms
  31 harpies
  70 ugly things
  A sphinx simulacrum (Vaults:4)
  24 wolf spiders
  A will-o-the-wisp (Abyss:1)
  5 wolf spider zombies
  An oklob plant (Abyss:3)
  2 stone giant zombies
  16 orc knights
  A fire giant zombie (Vaults:2)
  8 cyclopes
  6 orc sorcerers
  2 human zombies
  24 necromancers
  30 moths of wrath
  6 fauns
  A salamander (Depths:2)
  8 elephants
  22 manticores
  A moth of wrath (shapeshifter) (Vaults:5)
  An eleionoma skeleton (Crypt:2)
  2 rust devils (Hell)
  An ice statue (Depths:4)
  4 black mambas
  5 centaur zombies (D:12)
  9 merfolk sirens
  2 molten gargoyles (Volcano)
  15 vault sentinels
  A dire elephant zombie (Crypt:3)
  A water nymph (shapeshifter) (Depths:2)
  2 apocalypse crabs (Abyss:1)
  3 orange demons
  A naga skeleton (Crypt:2)
  3 torpor snails
  2 gargoyles
  8 water nymphs
  8 smoke demons
  A komodo dragon (shapeshifter) (D:13)
  Jeremiah (D:8)
  3 unseen horrors
  A kobold demonologist (D:6)
  9 cane toads
  12 komodo dragons
  20 rime drakes
  9 freezing wraiths
  18 tengu conjurers
  4 ancient zymes (Abyss:1)
  42 yaktaurs
  2 human skeletons (Vaults:2)
  A tormentor (Hell)
  2 ice devils
  11 trolls
  A red devil (D:10)
  A meliai (shapeshifter) (D:13)
  4 hellwings
  2 harpy zombies
  18 polar bears
  28 tarantellas
  A hydra zombie (Crypt:3)
  6 wind drakes
  23 merfolk
  2 guardian serpent zombies
  A hornet (shapeshifter) (Elf:1)
  Grinder (D:3)
  3 wolf spider simulacra (Spider:1)
  2 harpy skeletons (Crypt:3)
  12 hornets
  A deep troll zombie (Vaults:2)
  2 fire dragon zombies
  2 dream sheep (Shoals:1)
  12 snapping turtles
  28 blink frogs
  6 raiju
  A meliai zombie (D:12)
  Sigmund (D:1)
  30 slime creatures
  34 jumping spiders
  4 air elementals
  3 vampires
  23 water elementals
  22 culicivoras
  2 shadows (D:12)
  A ynoxinul (Abyss:1)
  An ettin skeleton (Vaults:4)
  8 spriggans
  2 wind drake zombies (Crypt:2)
  12 wraiths
  6 wyverns
  39 flying skulls
  3 fire elementals
  39 yaks
  15 large abominations
  5 steam dragons
  A fire bat (Volcano)
  A black mamba skeleton (Crypt:3)
  42 redbacks
  6 basilisks
  8 chaos spawn
  5 neqoxecs
  10 vampire mosquitoes
  10 wargs
  Menkaure (D:4)
  An ogre zombie (Vaults:2)
  A demonspawn zombie (Crypt:2)
  A warg (shapeshifter) (D:14)
  13 hell hounds
  20 water moccasins
  A floating eye (shapeshifter) (Depths:2)
  Duvessa (D:5)
  A floating eye (Depths:2)
  48 orc warriors
  A glowing shapeshifter skeleton (Vaults:2)
  2 ice beasts (Abyss:1)
  A black bear (Lair:4)
  A sky beast (D:7)
  4 ettin simulacra
  10 ogres
  23 wolves
  A hog zombie (Crypt:2)
  A blink frog skeleton (Crypt:1)
  9 centaurs
  2 phantoms
  4 kobold brigands
  16 small abominations
  10 bullfrogs
  7 necrophages
  7 gnoll sergeants
  3 earth elementals
  18 wights
  8 killer bees
  Dowan (D:5)
  15 howler monkeys
  2 electric eels
  A crimson imp (Abyss:2)
  3 lava snakes
  A bullfrog zombie (Crypt:2)
  5 quasits
  9 jellies
  12 hounds
  25 orc priests
  2 gnoll boudas (D:6)
  2 iron imps (Abyss:1)
  2 sleepcaps (D:5)
  An iguana (D:10)
  Ijyb (D:3)
  28 orc wizards
  5 hell rats
  A lightning spire (Zot:2)
  A tengu skeleton (Crypt:1)
  3 mummies (Ossuary)
  17 gnolls
  5 adders
  3 shadow imps
  4 white imps
  5 ufetubi
  A worm (D:4)
  3 dart slugs
  88 orcs
  12 ball pythons
  7 endoplasms
  2 giant cockroaches
  18 goblins
  11 hobgoblins
  26 kobolds
  A quokka (D:4)
  6 bats
  3 frilled lizards
  A frilled lizard zombie (Crypt:1)
  A goblin skeleton (Crypt:1)
  4 goblin zombies (Ossuary)
  6 hobgoblin zombies (Ossuary)
  A kobold zombie (Ossuary)
  5 rats
  A creeping inferno (Hell)
  A fire vortex (Hell)
  2 lurking horrors (Abyss:1)
  3 spectral weapons (Vaults:3)
  5 starspawn tentacles
  2 tentacles (Shoals:3)
2800 creatures vanquished.

Vanquished Creatures (collateral kills)
  A Killer Klown (Zot:5)
  A curse toe (Zot:5)
  A draconian annihilator (Zot:1)
  A purple draconian (Zot:1)
  A yaktaur captain (Vaults:5)
  A hydra (Lair:4)
  A necromancer (Depths:3)
  A yaktaur (Vaults:5)
  2 hell rats (Lair:4)
10 creatures vanquished.

Vanquished Creatures (others)
  A minotaur (shapeshifter) (Vaults:5)
  A great orb of eyes (Abyss:1)
  3 glowing orange brains
  A deep elf knight (Elf:2)
  A shadow wraith (Depths:4)
  A sixfirhy (Abyss:1)
  2 necromancers
  A deep elf pyromancer (Elf:1)
  A salamander (shapeshifter) (Vaults:5)
  A moth of wrath (shapeshifter) (Vaults:5)
  An eye of devastation (Abyss:1)
  A guardian serpent (shapeshifter) (Vaults:5)
  2 yaktaurs
  A floating eye (Depths:4)
  A jumping spider (Spider:1)
  A wyvern (shapeshifter) (Abyss:1)
  A chaos spawn (Abyss:1)
  An ogre (Crypt:3)
  110 jellies
  An orc priest (Orc:2)
  An orc wizard (Orc:2)
  4 hell rats (Hell)
  A shadow imp (Abyss:1)
  An orc (Orc:2)
  3 ball lightnings (Crypt:1)
  A creeping inferno (Hell)
  A lurking horror (Abyss:1)
  15 starspawn tentacles
  5 tentacles (Shoals:3)
165 creatures vanquished.

Grand Total: 2975 creatures vanquished

Notes
Turn   | Place    | Note
-------+----------+-------------------------------------------
     0 | D:1      | avis the Felid Fighter began the quest for the Orb.
     0 | D:1      | Reached XP level 1. HP: 10/10 MP: 2/2
    21 | D:1      | Reached skill level 1 in Stealth
   278 | D:1      | Reached XP level 2. HP: 6/14 MP: 3/3
   461 | D:1      | Found a faded altar of an unknown god.
   955 | D:2      | Reached XP level 3. HP: 17/17 MP: 4/4
  1161 | D:2      | Reached skill level 5 in Dodging
  1237 | D:2      | Noticed Sigmund
  1660 | D:2      | Identified the +0 scale mail "Culirch" {rF+}
  1698 | D:2      | Reached XP level 4. HP: 21/21 MP: 5/5
  2059 | D:3      | Noticed Ijyb
  2064 | D:3      | Killed Ijyb
  2394 | D:3      | Noticed Grinder
  2410 | D:3      | Killed Grinder
  2411 | D:3      | Reached XP level 5. HP: 14/25 MP: 6/6
  2411 | D:3      | Gained mutation: You are covered in thick fur. (AC +2)
                  | [Felid growth]
  2411 | D:3      | Reached XP level 6. HP: 15/28 MP: 7/7
  2526 | D:3      | Learned a level 2 spell: Wereblood
  3037 | D:4      | Noticed Menkaure
  3040 | D:4      | Killed Menkaure
  3041 | D:4      | Reached skill level 5 in Fighting
  3041 | D:4      | Reached XP level 7. HP: 33/33 MP: 8/8
  3185 | D:5      | Entered Level 5 of the Dungeon
  3337 | D:5      | Reached skill level 10 in Dodging
  3912 | D:5      | Reached XP level 8. HP: 18/37 MP: 9/9
  4302 | D:5      | Found an opulent altar of Gozag.
  4304 | D:5      | Noticed Dowan
  4304 | D:5      | Noticed Duvessa
  4377 | D:5      | Found a burning altar of Makhleb.
  4377 | D:5      | Found a broken altar of Ashenzari.
  4408 | D:5      | Killed Duvessa
  4486 | D:5      | Killed Dowan
  4570 | D:5      | Found an ornate altar of the Wu Jian Council.
  4572 | D:5      | Became a worshipper of Gozag Ym Sagoz the Greedy
  4870 | D:6      | Noticed a troll
  4964 | D:6      | Found a sand-covered staircase.
  4972 | Ossuary  | Entered an ossuary
  5574 | D:6      | HP: 1/38 [hound (1)]
  5575 | D:6      | Slain by a hound
  5595 | D:6      | Reached skill level 5 in Unarmed Combat
  6254 | D:5      | Reached XP level 9. HP: 38/41 MP: 10/10
  6265 | D:5      | Upgraded the game from 0.31-a0-881-ge136f0c47a to
                  | 0.31-a0-889-g1a8549509d
  6637 | D:6      | Noticed a kobold demonologist
  6733 | D:6      | Noticed a red devil
  6776 | D:6      | Noticed a rust devil
  6786 | D:6      | Killed a kobold demonologist
  7630 | D:6      | Reached skill level 15 in Dodging
  7725 | D:6      | Reached skill level 1 in Shapeshifting
  8730 | D:5      | Reached skill level 5 in Shapeshifting
  8730 | D:5      | Reached XP level 10. HP: 45/45 MP: 11/11
  9215 | D:7      | Noticed a two-headed ogre
  9228 | D:7      | Killed a two-headed ogre
  9680 | D:7      | Found a staircase to the Ecumenical Temple.
  9741 | Temple   | Entered the Ecumenical Temple
 10788 | D:1      | Killed Sigmund
 11720 | D:8      | Noticed Pikel
 11747 | D:7      | Killed Pikel
 11810 | D:7      | HP: 1/47 [gnoll sergeant/+2 heavy spear (16)]
 12255 | D:8      | Found a flagged portal.
 12273 | Bailey   | Entered a bailey
 12347 | Bailey   | Noticed an orc knight
 12587 | Bailey   | Found the +9 staff of Olgreb {rPois∞}
 13073 | Bailey   | Killed an orc knight
 13074 | Bailey   | Reached XP level 11. HP: 33/50 MP: 12/12
 13291 | D:8      | Noticed Jeremiah
 13376 | D:8      | Killed from afar by Jeremiah
 13429 | D:8      | Killed Jeremiah
 13509 | D:8      | Found Rarug's Assorted Antiques.
 15150 | D:9      | Identified the +8 great sword of the Purple Skies {vamp,
                  | rF++ Int-3}
 15364 | D:9      | Noticed a two-headed ogre
 15495 | D:9      | Killed a two-headed ogre
 15715 | D:10     | Entered Level 10 of the Dungeon
 15716 | D:10     | Gained mutation: You occasionally shout uncontrollably at
                  | your foes. [a neqoxec]
 15870 | D:10     | Gained mutation: You do not regenerate when monsters are
                  | visible. [a neqoxec]
 16080 | Temple   | Lost mutation: You do not regenerate when monsters are
                  | visible. [potion of mutation]
 16080 | Temple   | Lost mutation: You occasionally shout uncontrollably at
                  | your foes. [potion of mutation]
 16080 | Temple   | Gained mutation: You possess an exceptional clarity of
                  | mind. [potion of mutation]
 16273 | D:9      | Reached skill level 10 in Shapeshifting
 17523 | D:10     | Found a staircase to the Lair.
 17651 | D:10     | Found a staircase to the Orcish Mines.
 17883 | D:10     | Gained mutation: Your thick and shaggy fur keeps you warm.
                  | (AC +3, rC+) [Felid growth]
 17883 | D:10     | Reached XP level 12. HP: 54/54 MP: 13/13
 17924 | Lair:1   | Entered Level 1 of the Lair of Beasts
 19094 | D:8      | Bought a phantom mirror for 880 gold pieces
 19094 | D:8      | Bought a scroll of identify for 44 gold pieces
 19094 | D:8      | Bought a scroll of teleportation for 66 gold pieces
 19094 | D:8      | Bought a scroll labelled FUAFUOSOSI for 22 gold pieces
 19094 | D:8      | Bought a scroll labelled RUMAHA HAGIO for 22 gold pieces
 19250 | Lair:2   | Noticed a boulder beetle
 19283 | Lair:1   | Killed a boulder beetle
 19683 | Lair:2   | Found a staircase to the Shoals.
 21185 | Lair:3   | Found a hole to the Spider Nest.
 21708 | Lair:3   | Reached XP level 13. HP: 27/57 MP: 14/14
 22541 | Lair:4   | Reached skill level 15 in Shapeshifting
 22900 | Lair:4   | Found a viscous altar of Jiyva.
 22901 | Lair:4   | Found a staircase to the Slime Pits.
 23640 | Lair:5   | Entered Level 5 of the Lair of Beasts
 24438 | Lair:5   | Noticed a dire elephant
 24895 | Lair:5   | Killed a dire elephant
 25175 | Lair:5   | Identified the +0 trident of Desertification {freeze, Int+2
                  | SInv}
 25295 | Lair:5   | Reached XP level 14. HP: 63/63 MP: 15/15
 25830 | Lair:1   | Bought a potion of ambrosia for 120 gold pieces
 25830 | Lair:1   | Bought a potion of cancellation for 120 gold pieces
 25830 | Lair:1   | Bought a potion of resistance for 150 gold pieces
 25830 | Lair:1   | Bought a potion of heal wounds for 75 gold pieces
 25830 | Lair:1   | Bought a potion of invisibility for 120 gold pieces
 26043 | D:11     | Found a portal to a secret trove of treasure.
 26258 | D:11     | Noticed Fannar
 26291 | D:11     | Killed Fannar
 27693 | D:13     | Noticed Urug
 27789 | D:12     | Killed Urug
 28515 | D:14     | Noticed Frances
 28688 | D:14     | Killed Frances
 29239 | D:14     | Found a gate to the Vaults.
 29746 | D:14     | Upgraded the game from 0.31-a0-889-g1a8549509d to
                  | 0.31-a0-920-g28cbb04a8c
 29862 | Orc:1    | Entered Level 1 of the Orcish Mines
 29960 | Orc:1    | Noticed Erica
 29972 | Orc:1    | Killed Erica
 30132 | D:10     | HP: 1/41 [orc knight/+2 heavy great mace (40)]
 30907 | Orc:1    | Reached XP level 15. HP: 44/67 MP: 16/16
 31011 | Orc:2    | Entered Level 2 of the Orcish Mines
 31011 | Orc:2    | Noticed Jorgrun
 31021 | Orc:1    | Killed Jorgrun
 31323 | Orc:2    | Noticed Rupert
 31370 | Orc:2    | Found a staircase to the Elven Halls.
 31507 | Orc:2    | Paralysed by Rupert for 2 turns
 31512 | Orc:2    | Killed Rupert
 31569 | Orc:2    | Found a dark tunnel.
 31574 | Volcano  | Entered a volcano
 31649 | Volcano  | Found a bloodstained altar of Trog.
 32374 | Orc:2    | Found Batej's Distillery.
 32374 | Orc:2    | Found Rikeuc's Weapon Boutique.
 32374 | Orc:2    | Found Alu Foanu's Antique Armour Shoppe.
 32374 | Orc:2    | Found Coubbaew's Book Boutique.
 32601 | Lair:5   | Bought the ring of Summertime {rC+ rCorr Int+7} for 584
                  | gold pieces
 32601 | Lair:5   | Bought a ring of protection from fire for 300 gold pieces
 32755 | Shoals:1 | Entered Level 1 of the Shoals
 33744 | Shoals:1 | Noticed Mlioglotl
 33762 | Shoals:1 | Noticed a tentacled starspawn
 33763 | Shoals:1 | Killed Mlioglotl
 34571 | Shoals:2 | Found Daecw's CLEARANCE SALE!.
 35428 | Shoals:2 | Bought a scroll of immolation for 28 gold pieces
 35919 | Shoals:3 | Reached XP level 16. HP: 66/72 MP: 17/17
 36055 | Shoals:3 | Noticed a kraken
 36061 | Shoals:3 | Killed a kraken
 36148 | Shoals:3 | Found Warymep's Antique Armour Emporium.
 36494 | Lair:1   | Bought a manual of Fighting for 1280 gold pieces
 36571 | Spider:1 | Entered Level 1 of the Spider Nest
 36859 | Spider:1 | You are sucked into a shaft and drop 1 floor!
 37152 | Spider:1 | Blown up by an orb spider
 37171 | Spider:1 | Reached skill level 10 in Fighting
 37172 | Spider:1 | Reached skill level 10 in Unarmed Combat
 37930 | D:15     | Entered Level 15 of the Dungeon
 38242 | D:15     | Found a staircase to the Depths.
 38591 | D:15     | Reached XP level 17. HP: 79/79 MP: 18/18
 38659 | D:15     | Found an ancient bone altar of Kikubaaqudgha.
 39224 | Spider:2 | Noticed Louise
 39366 | Spider:2 | Killed Louise
 40254 | Spider:3 | Found a frozen archway.
 40283 | IceCv    | Entered an ice cave
 40341 | IceCv    | Identified the +1 leather armour of the Thinker {rPois}
 41067 | IceCv    | Reached skill level 1 in Transmutations
 41080 | IceCv    | Noticed a shard shrike
 41302 | IceCv    | Found the +2 Maxwell's thermic engine {flame, freeze, rev}
 41383 | IceCv    | Killed a shard shrike
 41653 | Lair:1   | Bought a book of the Warp for 840 gold pieces
 41658 | Lair:1   | Learned a level 4 spell: Manifold Assault
 41662 | Lair:1   | Learned a level 3 spell: Ozocubu's Armour
 41975 | Spider:3 | Reached skill level 15 in Fighting
 42028 | Spider:3 | Reached skill level 15 in Unarmed Combat
 42073 | Spider:3 | Reached skill level 1 in Translocations
 42075 | Spider:3 | Reached skill level 1 in Spellcasting
 42658 | Spider:4 | Entered Level 4 of the Spider Nest
 42773 | Spider:3 | Reached skill level 1 in Ice Magic
 42823 | Spider:4 | Reached XP level 18. HP: 89/89 MP: 21/23
 43348 | Spider:4 | Reached skill level 5 in Translocations
 43609 | Spider:4 | Reached skill level 5 in Spellcasting
 43671 | Spider:4 | Got a gossamer rune of Zot
 43961 | Shoals:4 | Entered Level 4 of the Shoals
 44145 | Shoals:4 | Identified the +6 short sword of Mutilation {heavy, rF+
                  | Will+ Int+2 Dex+3}
 44173 | Shoals:4 | Found Zideischegi's Magic Scroll Boutique.
 44180 | Shoals:4 | Bought a scroll of identify for 34 gold pieces
 44180 | Shoals:4 | Bought a scroll of identify for 34 gold pieces
 44180 | Shoals:4 | Bought a scroll of identify for 34 gold pieces
 44180 | Shoals:4 | Bought a scroll of revelation for 127 gold pieces
 44180 | Shoals:4 | Bought a scroll of revelation for 127 gold pieces
 44180 | Shoals:4 | Bought a scroll of teleportation for 51 gold pieces
 44379 | D:11     | You paid a toll of 14 scrolls of teleportation to enter a
                  | treasure trove
 44380 | Trove    | Entered a treasure trove
 44404 | Trove    | Found the +2 pair of slick slippers {slick, slippery, EV+4}
 44406 | Trove    | Identified the +6 plate armour of the Stone Wall {Rampage
                  | rCorr}
 44415 | Trove    | Identified the amulet "Vodi" {Acrobat Str-3 Int+6}
 44417 | Trove    | Identified the amulet of Muuro {Reflect +Blink rElec rN+
                  | Int-3 SH+5}
 44421 | Trove    | Identified the amulet of Amiejuin {RegenMP rElec SInv}
 44571 | Lair:1   | Bought Maxwell's Memoranda for 640 gold pieces
 44579 | Lair:1   | Learned a level 4 spell: Vhi's Electric Charge
 44695 | Shoals:4 | Found Xazeonn's Antique Armour Emporium.
 44711 | Shoals:4 | Noticed Ilsuiw
 44727 | Shoals:4 | Killed Ilsuiw
 44728 | Shoals:4 | Reached skill level 1 in Air Magic
 44869 | Shoals:4 | Noticed Bai Suzhen
 44879 | Shoals:4 | Killed Bai Suzhen
 44934 | Shoals:4 | Reached skill level 10 in Translocations
 44988 | Shoals:4 | Got a barnacled rune of Zot
 45067 | Shoals:4 | Found Pasaufruaf's Armour Shoppe.
 45362 | Shoals:4 | Noticed Mara
 45363 | Shoals:4 | Found the +1 cloak of Starlight {*Dazzle EV+4 Stlth--}
 45371 | Shoals:4 | Noticed avis's illusion
 45381 | Shoals:4 | Killed Mara
 45544 | Shoals:4 | Identified the +0 leather armour of Solemn Amelioration
                  | {*Slow rF+++}
 45622 | Shoals:4 | Found Gim Zauja's Magic Scroll Boutique.
 45625 | Shoals:4 | Bought a scroll of blinking for 112 gold pieces
 45625 | Shoals:4 | Bought a scroll of teleportation for 45 gold pieces
 45625 | Shoals:4 | Bought a scroll of fear for 60 gold pieces
 45625 | Shoals:4 | Bought a scroll of fog for 60 gold pieces
 45625 | Shoals:4 | Bought a scroll of amnesia for 60 gold pieces
 46033 | WizLab   | Identified the "Kuomnon"
 46033 | WizLab   | Identified the of Batukhlia
 46033 | Vaults:1 | Entered Level 1 of the Vaults
 46240 | Vaults:1 | Reached XP level 19. HP: 94/94 MP: 22/27
 46277 | Vaults:1 | Paralysed by a great orb of eyes for 3 turns
 46287 | Vaults:1 | Found a magical portal.
 46296 | WizLab   | Entered Iskenderun's Mystic Tower
 46914 | WizLab   | Reached skill level 5 in Ice Magic
 47011 | WizLab   | Blown up by a conjurer statue
 47012 | WizLab   | Reached XP level 20. HP: 98/98 MP: 28/28
 47479 | WizLab   | Reached skill level 5 in Air Magic
 47659 | WizLab   | Learned a level 4 spell: Passage of Golubria
 48296 | Vaults:1 | Reached skill level 15 in Translocations
 49527 | Vaults:2 | Found a staircase to the Crypt.
 49566 | Vaults:2 | Found the +4 skin of Zhor {*Englaciate rC+++ SInv}
 49863 | Vaults:2 | Reached skill level 10 in Spellcasting
 50847 | Lair:1   | Bought the Anthology of Sparks and Blasphemous Mysteries
                  | for 736 gold pieces
 50849 | Lair:1   | Learned a level 1 spell: Apportation
 50849 | Lair:1   | Upgraded the game from 0.31-a0-920-g28cbb04a8c to
                  | 0.31-a0-925-g0a390f2509
 51161 | Vaults:3 | Reached XP level 21. HP: 86/102 MP: 32/36
 51210 | Vaults:3 | Noticed Mennas
 51279 | Vaults:3 | HP: 4/153 [Mennas/+5 eudemon blade of holy wrath (11)]
 51281 | Vaults:3 | Killed Mennas
 51896 | Vaults:3 | Noticed Asterion
 51939 | Vaults:3 | Killed Asterion
 52357 | Vaults:3 | You are sucked into a shaft and drop 1 floor!
 52357 | Vaults:4 | Identified the "Tuan"
 54231 | Vaults:4 | Found a transporter.
 54231 | Vaults:4 | Found Viyqev's Antique Armour Boutique.
 54233 | Vaults:4 | Found a transporter.
 55048 | Orc:2    | Bought a potion of curing for 39 gold pieces
 55048 | Orc:2    | Bought a potion of curing for 39 gold pieces
 55048 | Orc:2    | Bought a potion of brilliance for 52 gold pieces
 55048 | Orc:2    | Bought a potion of magic for 104 gold pieces
 55048 | Orc:2    | Bought a potion of magic for 104 gold pieces
 55126 | Lair:1   | Bought 2 potions of ambrosia for 240 gold pieces
 55126 | Lair:1   | Bought a potion of mutation for 120 gold pieces
 55352 | Vaults:5 | Identified the "Taodaer"
 55352 | Depths:2 | Identified the "Nidokhlukh"
 55352 | Elf:1    | Entered Level 1 of the Elven Halls
 55353 | Elf:1    | Found a flickering gateway to a bazaar.
 55379 | Bazaar   | Entered a bazaar
 55379 | Bazaar   | Found Hoffig's Antique Armour Shoppe.
 55379 | Bazaar   | Found Pygruli's Antique Armour Emporium.
 55384 | Bazaar   | Found Gyamim's Magic Scroll Emporium.
 55392 | Bazaar   | Found Geewua's Distillery.
 55400 | Bazaar   | Bought 2 potions of curing for 72 gold pieces
 55400 | Bazaar   | Bought a potion of curing for 36 gold pieces
 55400 | Bazaar   | Bought a potion of haste for 120 gold pieces
 55400 | Bazaar   | Bought a potion of haste for 120 gold pieces
 55414 | Bazaar   | Bought a scroll of teleportation for 36 gold pieces
 55414 | Bazaar   | Bought a scroll of revelation for 90 gold pieces
 55414 | Bazaar   | Bought a scroll of immolation for 48 gold pieces
 55428 | Bazaar   | Bought a potion of mutation for 96 gold pieces
 55428 | Bazaar   | Bought 2 potions of resistance for 240 gold pieces
 55505 | Elf:1    | Reached XP level 22. HP: 108/108 MP: 27/39
 56714 | Elf:2    | Found Ellaefar's Armour Emporium.
 56966 | Elf:2    | Reached skill level 1 in Evocations
 57493 | Elf:2    | Found a runed translucent gate.
 57493 | Elf:2    | Found a runed translucent gate.
 57493 | Elf:2    | Found a runed translucent gate.
 57495 | Elf:2    | Reached skill level 5 in Evocations
 57929 | Elf:2    | Noticed Nikola
 57961 | Elf:2    | Killed Nikola
 58587 | Elf:3    | Entered Level 3 of the Elven Halls
 59044 | Elf:3    | Learned a level 5 spell: Lee's Rapid Deconstruction
 59262 | Depths:1 | Entered Level 1 of the Depths
 59537 | Depths:1 | Noticed the Enchantress
 59547 | D:15     | Killed the Enchantress
 60134 | Depths:1 | Found a gateway to Hell.
 60174 | Depths:1 | Reached skill level 1 in Earth Magic
 60185 | Depths:1 | Found a one-way gateway to a ziggurat.
 60369 | Depths:1 | Found a shadowy altar of Dithmenos.
 60638 | Depths:2 | Reached XP level 23. HP: 110/114 MP: 40/40
 60885 | Depths:2 | Reached skill level 5 in Earth Magic
 62117 | Elf:3    | Demolished by a +2 heavy scimitar
 62373 | Elf:3    | Identified the ring "Fidgh" {Wiz Will+ Str+3 Int+3}
 62541 | Elf:3    | Identified the +3 scimitar of the Asp {heavy, rF+ Will+
                  | rCorr}
 62567 | Elf:3    | Identified the +4 dagger of Yzirosa {freeze, rElec rF++
                  | rN+++ Will-}
 62945 | Lair:1   | Bought Nafompuh's Precepts of Conflagration for 720 gold
                  | pieces
 62949 | Lair:1   | Bought the Quarto of Vile Frost for 828 gold pieces
 62962 | Lair:1   | Bought the Opusculum on Necromancy for 720 gold pieces
 62966 | Lair:1   | Bought the Omnibus of the Charnel House for 608 gold pieces
 63883 | Depths:2 | Paralysed by a floating eye for 2 turns
 64210 | Depths:2 | Found a one-way gate leading to the halls of Pandemonium.
 64429 | Depths:2 | Noticed a caustic shrike
 64430 | Depths:2 | Noticed a caustic shrike
 64439 | Depths:2 | Killed a caustic shrike
 64490 | Depths:1 | Killed a caustic shrike
 65622 | Depths:2 | Identified the +3 sling of Radicalism {heavy, Str+2 Dex+2}
 65630 | Depths:2 | Identified the +7 flail "Ekhiuluhe" {flame, rPois}
 65830 | Lair:1   | Bought a book of Misfortune for 576 gold pieces
 65832 | Lair:1   | Bought a book of the Dragon for 840 gold pieces
 65836 | Lair:1   | Bought a manual of Stealth for 1440 gold pieces
 65934 | Lair:4   | Fell from the grace of Gozag
 65934 | Lair:4   | Became a worshipper of Jiyva Josylec the Shapeless
 66194 | Crypt:1  | Entered Level 1 of the Crypt
 66392 | Crypt:1  | Noticed Aizul
 66397 | Crypt:1  | Killed Aizul
 66472 | Crypt:1  | Reached XP level 24. HP: 114/121 MP: 39/41
 66496 | Crypt:1  | Reached * piety under Jiyva
 66528 | Crypt:1  | Found a runed translucent gate.
 66528 | Crypt:1  | Found a runed translucent gate.
 66528 | Crypt:1  | Found a runed translucent gate.
 66532 | Crypt:1  | Noticed Eugor's ghost (veteran DECj)
 66532 | Crypt:1  | Noticed Vailuoroe's ghost (veteran GrEE)
 66533 | Crypt:1  | Noticed Weuw's ghost (adept GrFi)
 66550 | Crypt:1  | Killed Eugor's ghost
 66551 | Crypt:1  | Killed Vailuoroe's ghost
 66565 | Crypt:1  | Killed Weuw's ghost
 67059 | Crypt:1  | Upgraded the game from 0.31-a0-925-g0a390f2509 to
                  | 0.31-a0-931-g7b59d4eb97
 67163 | Crypt:2  | Reached ** piety under Jiyva
 67659 | Crypt:2  | Identified the +4 broad axe of Eternal Harmony {venom,
                  | Str+3}
 67822 | Crypt:3  | Entered Level 3 of the Crypt
 68076 | Crypt:3  | Reached *** piety under Jiyva
 68419 | Crypt:3  | Gained mutation: You passively dampen the noise of your
                  | surroundings. [Jiyva's grace]
 68419 | Crypt:3  | Gained mutation: You have a pair of small horns on your
                  | head. [Jiyva's grace]
 68419 | Crypt:3  | Gained mutation: You have a pair of horns on your head.
                  | [Jiyva's grace]
 68419 | Crypt:3  | Gained mutation: You have a pair of large horns on your
                  | head. [Jiyva's grace]
 68483 | Crypt:3  | Noticed Saint Roka
 68504 | Crypt:3  | Killed Saint Roka
 68650 | Crypt:3  | Noticed Zenata
 68659 | Crypt:3  | Killed Zenata
 68690 | Crypt:3  | Found a basalt altar of Yredelemnul.
 68691 | Crypt:3  | Noticed an ancient lich
 68699 | Crypt:3  | Killed an ancient lich
 68741 | Crypt:3  | Identified the ring "Fiar" {rPois Will+ Stlth+}
 68886 | Crypt:3  | Found a staircase to the Tomb.
 69309 | Depths:3 | Found a one-way gate to the infinite horrors of the Abyss.
 69387 | Depths:3 | Reached **** piety under Jiyva
 69933 | Depths:4 | Entered Level 4 of the Depths
 70049 | Depths:4 | Found the +5 moon troll leather armour {Spirit, Regen++
                  | MP+5}
 70074 | Depths:4 | Found a sacrificial altar of Ru.
 70164 | Depths:4 | Reached XP level 25. HP: 128/128 MP: 33/42
 70192 | Depths:4 | Reached ***** piety under Jiyva
 70193 | Depths:4 | Found a burning altar of Makhleb.
 70386 | Depths:4 | Found a gate to the Realm of Zot.
 70456 | Depths:4 | Found an ancient bone altar of Kikubaaqudgha.
 70595 | Depths:4 | Found a shadowy altar of Dithmenos.
 70622 | Depths:4 | Reached skill level 15 in Spellcasting
 71783 | Zot:2    | Identified the "Dyuj Tod"
 71783 | Slime:1  | Entered Level 1 of the Pits of Slime
 71841 | Slime:5  | Entered Level 5 of the Pits of Slime
 71920 | Slime:5  | Noticed the Royal Jelly
 72023 | Slime:5  | Found a viscous altar of Jiyva.
 74114 | Vaults:5 | Entered Level 5 of the Vaults
 74128 | Vaults:5 | Noticed an ancient lich
 74132 | Vaults:5 | Noticed a dread lich
 74145 | Vaults:5 | HP: 2/128 [ancient lich/crystal spear (91)]
 74148 | Vaults:5 | Lost mutation: You passively dampen the noise of your
                  | surroundings. [Jiyva's grace]
 74148 | Vaults:5 | Gained mutation: Your translucent skin slightly reduces
                  | your foes' accuracy. (Stealth+) [Jiyva's grace]
 74148 | Vaults:5 | Gained mutation: Your translucent skin reduces your foes'
                  | accuracy. (Stealth+) [Jiyva's grace]
 74148 | Vaults:5 | Gained mutation: Your transparent skin significantly
                  | reduces your foes' accuracy. (Stealth+) [Jiyva's grace]
 74148 | Vaults:5 | Gained mutation: You have acidic saliva. [Jiyva's grace]
 74149 | Vaults:5 | Killed from afar by a titan
 74159 | Vaults:5 | Noticed an ancient lich
 74163 | Vaults:5 | Killed an ancient lich
 74188 | Vaults:5 | Got a silver rune of Zot
 74227 | Vaults:5 | Was forgiven by Gozag
 74269 | Vaults:4 | Killed a dread lich
 74555 | Vaults:5 | Identified the +7 short sword "Ruekeate" {elec, rPois rN+
                  | Will- Stlth+}
 74563 | Vaults:5 | Reached XP level 26. HP: 128/133 MP: 42/44
 74572 | Vaults:5 | Identified the +1 scale mail of the Equinox {rF+ Will-
                  | Dex+3}
 74661 | Vaults:5 | Identified the ring "Yptuik" {rF++ rC+ Str+4}
 74673 | Vaults:5 | Killed an ancient lich
 74705 | Vaults:5 | Found Plog's Assorted Antiques.
 74710 | Vaults:5 | Bought a potion of might for 128 gold pieces
 74802 | Vaults:5 | Found Wole's Antique Armour Boutique.
 75546 | Zot:1    | Entered Level 1 of the Realm of Zot
 76071 | Zot:1    | Noticed an orb of fire
 76076 | Zot:1    | Gained mutation: Your spells are a little easier to cast,
                  | but a little less powerful. [an orb of fire]
 76078 | Zot:1    | Killed an orb of fire
 76234 | Zot:1    | Identified the ring of Day {rF+ Int+8 Dex-2}
 76264 | Zot:1    | Identified the +8 hand axe "Foedesh" {vamp, Will+}
 76444 | Zot:1    | Lost mutation: You have a pair of large horns on your head.
                  | [Jiyva's grace]
 76444 | Zot:1    | Lost mutation: Your spells are a little easier to cast, but
                  | a little less powerful. [Jiyva's grace]
 76444 | Zot:1    | Gained mutation: You expend magic power (3 MP) to
                  | strengthen your wands. [Jiyva's grace]
 76444 | Zot:1    | Gained mutation: Your mind is acute. (Int +4, Str/Dex -1)
                  | [Jiyva's grace]
 76444 | Zot:1    | Gained mutation: Your mind is very acute. (Int +8, Str/Dex
                  | -2) [Jiyva's grace]
 76444 | Zot:1    | Gained mutation: You have a somewhat thin skeletal
                  | structure. (Dex +2, Stealth+) [Jiyva's grace]
 76638 | Zot:1    | Reached ****** piety under Jiyva
 77313 | Slime:5  | Identified the +5 hand axe of Ointment {flame, *Rage +Blink
                  | rPois rCorr Int+4}
 77352 | Slime:5  | Got a slimy rune of Zot
 77933 | Zot:2    | Reached skill level 27 in Shapeshifting
 79518 | Zot:4    | Lost mutation: You have a pair of horns on your head.
                  | [Jiyva's grace]
 79518 | Zot:4    | Lost mutation: You have acidic saliva. [Jiyva's grace]
 79518 | Zot:4    | Lost mutation: Your transparent skin significantly reduces
                  | your foes' accuracy. (Stealth+) [Jiyva's grace]
 79518 | Zot:4    | Gained mutation: You are agile. (Dex +4, Str/Int -1)
                  | [Jiyva's grace]
 79518 | Zot:4    | Gained mutation: You are very agile. (Dex +8, Str/Int -2)
                  | [Jiyva's grace]
 79518 | Zot:4    | Gained mutation: You are partially covered in iridescent
                  | scales. (AC +2) [Jiyva's grace]
 79518 | Zot:4    | Gained mutation: You are mostly covered in iridescent
                  | scales. (AC +4) [Jiyva's grace]
 79562 | Zot:4    | Reached XP level 27. HP: 136/136 MP: 12/45
 79901 | Zot:4    | Identified the ring of Comuiwk {MP+9 Int+5}
 80585 | Depths:3 | Voluntarily entered the Abyss.
 81200 | Abyss:1  | Lost mutation: You have a somewhat thin skeletal structure.
                  | (Dex +2, Stealth+) [Jiyva's grace]
 81200 | Abyss:1  | Lost mutation: Your mind is very acute. (Int +8, Str/Dex
                  | -2) [Jiyva's grace]
 81200 | Abyss:1  | Lost mutation: Your mind is acute. (Int +4, Str/Dex -1)
                  | [Jiyva's grace]
 81200 | Abyss:1  | Lost mutation: Your translucent skin reduces your foes'
                  | accuracy. (Stealth+) [Jiyva's grace]
 81200 | Abyss:1  | Gained mutation: You have a small jelly attached to you
                  | that senses nearby items. [Jiyva's grace]
 81200 | Abyss:1  | Gained mutation: You are covered in slimy tendrils that may
                  | disarm your opponents. [Jiyva's grace]
 81200 | Abyss:1  | Gained mutation: You have a pair of horns on your head.
                  | [Jiyva's grace]
 81200 | Abyss:1  | Gained mutation: You have a pair of large horns on your
                  | head. [Jiyva's grace]
 81397 | Abyss:1  | Found a corrupted altar of Lugonu.
 81407 | Abyss:1  | Found a corrupted altar of Lugonu.
 81407 | Abyss:1  | Found a corrupted altar of Lugonu.
 81442 | Abyss:1  | Found a corrupted altar of Lugonu.
 81728 | Abyss:1  | Reached skill level 27 in Translocations
 81793 | Abyss:1  | Found a corrupted altar of Lugonu.
 81823 | Abyss:1  | Found a corrupted altar of Lugonu.
 82170 | Abyss:1  | Found a corrupted altar of Lugonu.
 82223 | Abyss:1  | Found a corrupted altar of Lugonu.
 82569 | Abyss:3  | Got an abyssal rune of Zot
 82582 | Depths:3 | Escaped the Abyss
 82596 | Depths:3 | Lost mutation: You are mostly covered in iridescent scales.
                  | (AC +4) [potion of mutation]
 82596 | Depths:3 | Lost mutation: You are covered in slimy tendrils that may
                  | disarm your opponents. [potion of mutation]
 82596 | Depths:3 | Lost mutation: You have a pair of large horns on your head.
                  | [potion of mutation]
 82597 | Depths:3 | Lost mutation: You expend magic power (3 MP) to strengthen
                  | your wands. [potion of mutation]
 82597 | Depths:3 | Lost mutation: You are very agile. (Dex +8, Str/Int -2)
                  | [potion of mutation]
 82597 | Depths:3 | Lost mutation: You possess an exceptional clarity of mind.
                  | [potion of mutation]
 82598 | Depths:3 | Lost mutation: You have a pair of horns on your head.
                  | [potion of mutation]
 82598 | Depths:3 | Lost mutation: You have a small jelly attached to you that
                  | senses nearby items. [potion of mutation]
 82598 | Depths:3 | Lost mutation: You are agile. (Dex +4, Str/Int -1) [potion
                  | of mutation]
 82598 | Depths:3 | Gained mutation: You possess an exceptional clarity of
                  | mind. [potion of mutation]
 82662 | Depths:3 | Upgraded the game from 0.31-a0-931-g7b59d4eb97 to
                  | 0.31-a0-940-gdaa99269f9
 82674 | Depths:3 | Learned a level 9 spell: Death's Door
 82683 | Depths:3 | Learned a level 8 spell: Borgnjor's Revivification
 82684 | Hell     | Entered the Vestibule of Hell
 82685 | Hell     | Noticed Geryon
 82709 | Depths:3 | Reached skill level 1 in Necromancy
 82959 | Hell     | Reached skill level 5 in Necromancy
 82964 | Hell     | HP: 4/136 [hell knight/+0 glaive (6)]
 82964 | Hell     | Mangled by a Tzitzimitl
 82965 | Hell     | Found a gateway to the freezing wastes of Cocytus.
 82976 | Hell     | Killed from afar by a blizzard demon
 83595 | Zot:5    | Entered Level 5 of the Realm of Zot
 83595 | Zot:5    | Lost mutation: You have a pair of small horns on your head.
                  | [Jiyva's grace]
 83595 | Zot:5    | Gained mutation: You are strong-willed. (Will+) [Jiyva's
                  | grace]
 83595 | Zot:5    | Gained mutation: You are highly strong-willed. (Will++)
                  | [Jiyva's grace]
 83595 | Zot:5    | Gained mutation: You are extremely strong-willed. (Will+++)
                  | [Jiyva's grace]
 83595 | Zot:5    | Gained mutation: You are covered in slimy tendrils that may
                  | disarm your opponents. [Jiyva's grace]
 83991 | Zot:5    | Noticed an ancient lich
 83992 | Zot:5    | Noticed an ancient lich
 84012 | Zot:5    | Killed an ancient lich
 84013 | Zot:5    | Reached skill level 10 in Necromancy
 84028 | Zot:5    | Killed an ancient lich
 84058 | Zot:5    | Noticed an orb of fire
 84073 | Zot:5    | Killed an orb of fire
 84104 | Zot:5    | Noticed a dread lich
 84159 | Zot:5    | Killed a dread lich
 84164 | Zot:5    | Noticed an ancient lich
 84170 | Zot:5    | Killed an ancient lich
 84171 | Zot:5    | Noticed a dread lich
 84186 | Zot:5    | Killed a dread lich
 84325 | Zot:5    | Noticed an orb of fire
 84327 | Zot:5    | Gained mutation: You do not regenerate when monsters are
                  | visible. [an orb of fire]
 84327 | Zot:5    | Noticed an orb of fire
 84331 | Zot:5    | Noticed an ancient lich
 84331 | Zot:5    | Noticed a dread lich
 84339 | Zot:5    | Killed from afar by an ancient lich
 84363 | Zot:5    | Killed an ancient lich
 84375 | Zot:5    | Gained mutation: You are dopey. (Int -2) [an orb of fire]
 84379 | Zot:5    | Gained mutation: You are frail. (-10% HP) [an orb of fire]
 84380 | Zot:5    | Killed an orb of fire
 84381 | Zot:5    | Reached skill level 15 in Necromancy
 84387 | Zot:4    | Gained mutation: You are clumsy. (Dex -2) [an orb of fire]
 84392 | Zot:4    | Killed an orb of fire
 84449 | Zot:4    | Killed a dread lich
 84478 | Zot:5    | Noticed a dread lich
 84482 | Zot:5    | Killed a dread lich
 84495 | Zot:5    | Noticed an ancient lich
 84520 | Zot:5    | Killed an ancient lich
 84674 | Zot:5    | Got the Orb of Zot
 84730 | Zot:4    | Noticed Goynudyv the pandemonium lord
 84744 | Zot:4    | Slain by Goynudyv the pandemonium lord

Illustrated notes

Levels and vault maps discovered:
D:1:      minmay_arrival_shoal_huts, layout_basic, basic_ecumenical_altar,
          nicolae_twisty_statue_hallways
D:2:      layout_loops_corners, serial_glass, glass_columns_a, glass_columns_b,
          minmay_indecisive_spiral, uniq_sigmund
D:3:      layout_rooms, uniq_grinder, uniq_ijyb
D:4:      layout_basic, minmay_ogre_servants, uniq_menkaure
D:5:      layout_rooms, grunt_temple_overflow_open, uniq_duvessa
D:6:      lemuel_castle_with_subvaults [lemuel_castle_interior_carwin_2],
          layout_rooms, lightli_ossuary_entry_decrepit_ruins
D:7:      layout_rooms, minmay_temple_entry_slanted
D:8:      layout_basic, serial_shops, nicolae_shop_overgrown_old_shop,
          enter_bailey_4, uniq_jeremiah, uniq_pikel
D:9:      layout_roguey, eino_small_chamber_without_monster
D:10:     layout_cave_pods, minmay_lair_entry_grove, serial_demonic,
          serial_demonic_a, serial_demonic_e, serial_demonic_b,
          serial_demonic_e, serial_demonic_a, serial_demonic_b
D:11:     layout_cave_pods, enter_trove_0, uniq_fannar
D:12:     layout_basic, serial_undead, serial_undead_b, serial_undead_d,
          serial_undead_b, serial_undead_c, serial_undead_d
D:13:     layout_rooms, kennysheep_small_spiral, uniq_urug
D:14:     layout_basic, david_vaults_2, nooodl_orcs_dogs, uniq_frances
D:15:     hellmonk_depths_entry_around_the_bend, layout_irregular_city,
          kiku_gazebo_pond_becter
Temple:   dpeg_five_rooms_temple
Lair:1:   layout_gridlike, serial_bayou_shore_a
Lair:2:   layout_regular_city, shoals_dummy_entry, grunt_megastairs_2
Lair:3:   layout_cave_pods, nicolae_spider_entry_orb_guardian,
          beast_lair_carwin_1, grunt_megastairs_5
Lair:4:   layout_roguey, nicolae_slime_entry_slimehenge, serial_bayou_pond_c,
          grunt_forest_large_clearings
Lair:5:   gammafunk_lair_ancient_temple, layout_regular_city,
          chequers_serial_rivers_small_3, serial_bayou_shore_b
Shoals:1: layout_shoals, nicolae_shoals_water_elemental_grotto, uniq_mlioglotl
Shoals:2: layout_shoals, nicolae_shop_clearance
Shoals:3: layout_shoals, serial_shops, shop
Shoals:4: shoals_end_simple, layout_shoals, shoals_ilsuiw_alternative,
          serial_shops, nicolae_square_shop, nicolae_shop_rolled_up, shop, shop,
          uniq_mara, uniq_bai_suzhen
Spider:1: layout_spider_delve, nicolae_spider_undead_wolf_pack
Spider:2: layout_cave_pods, uniq_louise
Spider:3: layout_cave_pods, portal_ice_cave_entry_ugly_swarm,
          einodemon_crawler_minivault
Spider:4: spider_rune_water
Slime:1:  layout_caves
Slime:2:  layout_caves
Slime:3:  layout_caves, cheibrodos_slime_lost_civilization_7
Slime:4:  layout_caves, nicolae_slime_barrier, nicolae_slime_welcoming_committee
Slime:5:  slime_pit_nicolae_amoeboid
Orc:1:    layout_caves, sword_in_stone, uniq_erica
Orc:2:    grunt_orc_tribal_feast, layout_caves, enter_volcano_1, basic_altar,
          uniq_rupert, uniq_jorgrun
Elf:1:    layout_gridlike, serial_shops, bzr_entry_gold,
          minmay_elf_crystal_heptagon
Elf:2:    nicolae_elf_blades_crystal_corner, layout_loops_corners, serial_shops,
          shop, special_room [special_room_orc], uniq_nikola
Elf:3:    minmay_elf_hall_four_x, layout_geoelf_octagon
Vaults:1: mu_enter_wizlab_4, vaults_mumra_hexcomb, v_misc_2, v_misc_18,
          v_pattern_3, nicolae_vaults_yaktaur_gun_rack,
          nicolae_vaults_trapezoid_lopsided_1, nicolae_vaults_closet_pinwheel_5,
          nicolae_vaults_tetromino_L_1, layout_vaults_big_room
Vaults:2: vaults_mumra_hex, hangedman_vaults_unwind, v_pattern_5,
          nicolae_vaults_stairing_the_circle, nicolae_vaults_circle_grid_a,
          nicolae_vaults_heart-shaped_vault, nicolae_vaults_diamond_2,
          vaults_room_hallway, nicolae_vaults_tetromino_Z_1,
          ontoclasm_vaults_loading_screen, nicolae_vaults_closet_pinwheel_6,
          layout_vaults_omnigrid, dummy_crypt_entry
Vaults:3: v_misc_3, vaults_room_guarded_vault, nicolae_vaults_big_ls,
          nicolae_vaults_mini_display_case, vaults_dpeg_cross,
          nicolae_vaults_trapezoid_3, vaults_dpeg_spiral,
          nicolae_vaults_six-pack, layout_vaults_omnicross, uniq_asterion,
          uniq_mennas
Vaults:4: v_rooms_6, v_misc_17, ontoclasm_vaults_eye,
          nicolae_vaults_storage_closets_3, nicolae_vaults_network_barrier,
          v_misc_22, hangedman_vaults_nails, v_misc_29, v_misc_24,
          nicolae_vaults_library_corner, nicolae_vaults_trapezoid_lopsided_4,
          ontoclasm_vaults_ring_small, nicolae_vaults_apartment_1,
          nicolae_vaults_little_ls, nicolae_vaults_diamond_2,
          grunt_vaults_focal, layout_vaults_omnibox, serial_shops,
          nicolae_shop_drivethru
Vaults:5
Crypt:1:  layout_regular_city, gammafunk_ghost_cemetery, uniq_aizul
Crypt:2:  layout_chaotic_city
Crypt:3:  cryptofortress_bobbens, uniq_saint_roka, uniq_zenata
Depths:1: layout_cave_pools, enter_ziggurat_e, pf_coc_iceberg,
          nicolae_dithmenos_the_darkroom, nicolae_letterblocks
          [nicolae_letter_subblock, nicolae_letter_subblock,
          nicolae_letter_subblock, nicolae_letter_subblock,
          nicolae_letter_subblock, nicolae_letter_subblock,
          nicolae_letter_subblock, nicolae_letter_subblock,
          nicolae_letter_subblock, nicolae_letter_subblock,
          nicolae_letter_subblock, nicolae_letter_subblock,
          nicolae_letter_subblock, nicolae_letter_subblock,
          nicolae_letter_subblock, nicolae_letter_subblock,
          nicolae_letter_subblock, nicolae_letter_subblock,
          nicolae_letter_subblock, nicolae_letter_subblock,
          nicolae_letter_subblock, nicolae_letter_subblock,
          nicolae_letter_subblock, nicolae_letter_subblock,
          nicolae_letter_subblock], uniq_enchantress
Depths:2: little_maze_vault, layout_gridlike, hell_entry, pan_entry,
          kennysheep_random_hallway, minmay_staircase_statues_hall_small
Depths:3: kennysheep_ambush_hall, layout_gridlike, serial_glass,
          glass_columns_a, glass_columns_c, serial_bayou_pond_e, abyss_entry,
          hell_entry
Depths:4: grunt_profane_halls [grunt_profane_temple_coc,
          grunt_profane_temple_geh, grunt_profane_temple_tar,
          grunt_profane_temple_dis, grunt_zot_portal], hell_entry
Hell
Zot:1:    layout_cathedral_of_symmetry, grunt_ministairs_13
Zot:2:    layout_concentric_octagons, amethyst_zot_foddershock
Zot:3:    layout_misc_corridors
Zot:4:    layout_cathedral_of_symmetry, lemuel_elevator
Zot:5:    layout_cathedral_of_symmetry

Skill      XL: |  1  2  3  4  5  6  7  8  9 10 11 12 13 14 15 16 17 18 19 20 21 22 23 24 25 26 27 |
---------------+----------------------------------------------------------------------------------+-----
Stealth        | 2 3 |  3.0
Dodging        | 5 7 9 11 12 15 18 20 21 22 | 22.0
Fighting       | 4 5 6 7 8 9 12 15 16 17 18 19 21 | 21.0
Unarmed Combat | 6 7 8 9 12 15 16 17 18 19 21 | 21.0
Shapeshifting  | 5 7 11 14 17 19 22 23 24 26 27 | 27.0
Transmutations | 2 |  2.0
Translocations | 3 10 13 16 18 24 27 | 27.0
Spellcasting   | 2 5 10 12 13 14 16 17 18 | 18.2
Ice Magic      | 1 4 5 |  5.0
Air Magic      | 2 4 5 |  5.0
Evocations     | 5 |  5.0
Earth Magic    | 3 7 |  7.0
Necromancy     | 16 | 16.2

Action                     |  1- 3 |  4- 6 |  7- 9 | 10-12 | 13-15 | 16-18 | 19-21 | 22-24 | 25-27 || total
---------------------------+-------+-------+-------+-------+-------+-------+-------+-------+-------++-------
  Melee: Unarmed           |    91 |    52 |   558 |  1192 |  1087 |  1029 |   777 |  1326 |  1608 ||  7720
         Bite              |     4 |     3 |    74 |   200 |    36 |       |       |       |       ||   317
         Punch             |     3 |     2 |    24 |     5 |    61 |   108 |   120 |   189 |   301 ||   813
         Constrict         |       |       |       |     6 |    42 |       |       |       |       ||    48
         Tailslap          |       |       |       |       |    42 |       |       |       |       ||    42
   Cast: Wereblood         |       |       |       |       |       |    33 |    22 |    14 |       ||    69
         Ozocubu's Armour  |       |       |       |       |       |     8 |    21 |    15 |       ||    44
         Manifold Assault  |       |       |       |       |       |    10 |    17 |   106 |   137 ||   270
         Vhi's Electric Ch |       |       |       |       |       |       |    33 |   124 |   197 ||   354
         Lee's Rapid Decon |       |       |       |       |       |       |       |    23 |       ||    23
 Invoke: Potion Petition   |       |       |       |     3 |     2 |       |     2 |       |       ||     7
         Call Merchant     |       |       |       |       |     2 |     2 |     1 |       |       ||     5
Ability: Breathe Fire      |       |       |       |       |    17 |       |       |       |       ||    17
         Blinkbolt         |       |       |       |       |    29 |    50 |    65 |    92 |   109 ||   345
         Evoke Blink       |       |       |       |       |       |       |       |     1 |     1 ||     2
  Evoke: Wand              |       |     8 |     4 |     6 |     4 |    25 |       |     3 |     3 ||    53
         Phantom mirror    |       |       |       |       |     1 |       |       |       |       ||     1
         Condenser vane    |       |       |       |       |     1 |       |     1 |       |       ||     2
         Lightning rod     |       |       |       |       |       |       |       |     4 |       ||     4
    Use: Potion            |     3 |       |     2 |     7 |    11 |     4 |     5 |     4 |     4 ||    40
         Scroll            |       |       |     6 |     7 |    11 |     6 |     3 |     2 |     5 ||    40
   Stab: Sleeping          |     7 |    11 |     5 |     3 |    10 |     8 |     4 |     3 |     2 ||    53
         Invisible         |       |     2 |     3 |       |       |     9 |       |       |       ||    14
         Distracted        |       |       |     1 |     7 |     9 |    18 |     7 |     7 |     4 ||    53
         Paralysed         |       |       |       |     1 |       |       |       |       |       ||     1
         Held in net/web   |       |       |       |       |       |     1 |       |       |       ||     1
         Confused          |       |       |       |       |       |       |     3 |       |       ||     3
 Armour: Skin              |    20 |     7 |   128 |   144 |   247 |   160 |   120 |   170 |   291 ||  1287
  Dodge: Dodged            |    66 |    26 |   479 |  1031 |  1202 |  1491 |   801 |  1533 |  2248 ||  8877
  Block: Other             |       |       |       |   195 |    79 |    33 |   118 |   244 |   181 ||   850
         Reflection        |       |       |       |     7 |     3 |       |    11 |     9 |     3 ||    33
   Form: Flux              |       |       |       |     3 |     1 |       |       |       |       ||     4
                           |       |       |       |     1 |     4 |       |       |     1 |       ||     6
         Anaconda          |       |       |       |     2 |     2 |       |       |       |       ||     4
         Storm             |       |       |       |       |     2 |       |       |     1 |       ||     3
         Dragon            |       |       |       |       |     2 |       |       |       |       ||     2

Table legend: (Time is in decaauts)
 A = Elapsed time spent in this place.
 B = Non-inter-level travel time spent in this place.
 C = Inter-level travel time spent in this place.
 D = Time resting spent in this place.
 E = Time spent auto-exploring this place.
 F = Levels seen in this place.
 G = Mean time per level.
                   A        B        C        D        E       F      G
               +--------+--------+--------+--------+--------+-----+--------+
         Total |  80729 |  67126 |  13603 |  17918 |  22776 |  67 | 1204.9 |
       Dungeon |  22546 |  17454 |   5092 |   5605 |   5666 |  15 | 1503.1 |
        Temple |    406 |    399 |      7 |    329 |      0 |   1 |  406.0 |
          Lair |   9616 |   7004 |   2612 |   2186 |   2523 |   5 | 1923.2 |
        Shoals |   5296 |   4564 |    732 |   1288 |    828 |   4 | 1324.0 |
   Spider Nest |   4220 |   3683 |    537 |    634 |    883 |   4 | 1055.0 |
    Slime Pits |   2263 |   1965 |    298 |      0 |   1734 |   5 |  452.6 |
  Orcish Mines |   2043 |   1544 |    499 |    300 |    405 |   2 | 1021.5 |
   Elven Halls |   5157 |   4433 |    724 |   1294 |   1220 |   3 | 1719.0 |
        Vaults |   8310 |   7271 |   1039 |   1861 |   2456 |   5 | 1662.0 |
         Crypt |   2654 |   2503 |    151 |    448 |   1079 |   3 |  884.7 |
        Depths |   6993 |   5592 |   1401 |   1540 |   2328 |   4 | 1748.2 |
          Hell |     85 |     85 |      0 |      0 |      0 |   1 |   85.0 |
           Zot |   4781 |   4272 |    509 |    427 |   2378 |   5 |  956.2 |
         Abyss |   1896 |   1896 |      0 |    313 |   1101 |   3 |  632.0 |
        Bazaar |     60 |     60 |      0 |      0 |      0 |   1 |   60.0 |
         Trove |    147 |    147 |      0 |      0 |      0 |   1 |  147.0 |
       Ossuary |    532 |    532 |      0 |    110 |      0 |   1 |  532.0 |
        Bailey |    760 |    760 |      0 |    268 |      0 |   1 |  760.0 |
      Ice Cave |   1150 |   1150 |      0 |    421 |     37 |   1 | 1150.0 |
       Volcano |    311 |    311 |      0 |    104 |      0 |   1 |  311.0 |
        Wizlab |   1493 |   1493 |      0 |    787 |    138 |   1 | 1493.0 |
               +--------+--------+--------+--------+--------+-----+--------+

Top non-repeatable levels by time:
     D:6: 2634 daAuts
     D:9: 2373 daAuts
  Lair:3: 2336 daAuts
Depths:2: 2106 daAuts
    D:10: 2098 daAuts
  Lair:1: 2078 daAuts
   Elf:3: 2069 daAuts
Depths:1: 1992 daAuts
  Lair:4: 1980 daAuts
Vaults:2: 1966 daAuts
     D:5: 1923 daAuts
Vaults:4: 1900 daAuts
Vaults:3: 1868 daAuts
   Elf:2: 1815 daAuts
  Lair:2: 1657 daAuts
